 Dungeon Crawl Stone Soup version 0.19.0-11-g3fc08b3 (webtiles) character file.

522 Ladykiller69 the Shield-Bearer (level 7, -1/54 HPs)
             Began as a Formicid Fighter on Nov 9, 2016.
             Slain by an ogre
             ... wielding a +0 giant spiked club
              (8 damage)
             ... on level 7 of the Dungeon.
             The game lasted 00:09:38 (3903 turns).

Ladykiller69 the Shield-Bearer (Formicid Fighter)   Turns: 3903, Time: 00:09:39

Health: -1/54      AC:  8    Str: 20    XL:     7   Next: 46%
Magic:  7/7        EV:  8    Int: 10    God:
Gold:   285        SH: 10    Dex: 10    Spells: 0 memorised, 6 levels left

rFire  . . .     SeeInvis +     a - +0 war axe
rCold  . . .     Gourm    .     b - +0 scale mail
rNeg   . . .     Faith    .     c - +0 shield
rPois  .         Spirit   .     (helmet unavailable)
rElec  .         Reflect  .     r - +0 cloak
rCorr  .         Harm     .     (no gloves)
MR     .....                    (no boots)
Stlth  ..........               (no amulet)
                                (no ring)
                                (no ring)

@: no status effects
A: permanent stasis, dig shafts and tunnels, four strong arms, antennae 3
a: Dig, Shaft Self


You were on level 7 of the Dungeon.
You were not hungry.

You visited 1 branch of the dungeon, and saw 7 of its levels.

You collected 285 gold pieces.

Inventory:

Hand Weapons
 a - a +0 war axe (weapon)
Missiles
 u - 110 stones (quivered)
Armour
 b - a +0 scale mail (worn)
 c - a +0 shield (worn)
 r - a +0 cloak (worn)
Jewellery
 q - a cursed ring of loudness {unknown}
 s - a cursed ring of teleportation {unknown}
 y - a cursed ring of teleportation {unknown}
 z - a cursed amulet of inaccuracy {unknown}
Wands
 x - a wand of disintegration (10/24)
Scrolls
 e - a scroll of fog {unknown}
 g - 3 scrolls of random uselessness {unknown}
 i - 3 scrolls of remove curse {unknown}
 m - a scroll of blinking {unknown}
 o - 5 scrolls of identify {unknown}
 t - 2 scrolls of teleportation {unknown}
 w - 2 scrolls of immolation {unknown}
 A - a scroll of amnesia {unknown}
 D - a scroll of enchant weapon {unknown}
 E - a scroll of torment {unknown}
Potions
 d - 2 potions of might
 h - 2 potions of heal wounds {unknown}
 k - a potion of magic {unknown}
 l - a potion of haste {unknown}
 p - 2 potions of agility {unknown}
 B - a potion of flight {unknown}
Books
 n - a book of Misfortune

   Spells                             Type                      Level
   a - Confusing Touch                Hexes                        1
   b - Confuse                        Hexes                        3
   c - Gell's Gravitas                Hexes/Translocation          3
   d - Petrify                        Transmutation/Earth          4
   e - Metabolic Englaciation         Hexes/Ice                    5
   f - Yara's Violent Unravelling     Hexes/Transmutation          5
 v - a book of Maledictions

   Spells                             Type                      Level
   a - Corona                         Hexes                        1
   b - Ensorcelled Hibernation        Hexes/Ice                    2
   c - Confuse                        Hexes                        3
   d - Tukima's Dance                 Hexes                        3
   e - Dazzling Spray                 Conjuration/Hexes            3
 C - a book of Battle

   Spells                             Type                      Level
   a - Infusion                       Charms                       1
   b - Shroud of Golubria             Charms/Translocation         2
   c - Song of Slaying                Charms                       2
   d - Spectral Weapon                Hexes/Charms                 3
   e - Regeneration                   Charms/Necromancy            3
Comestibles
 f - 4 bread rations
 j - 3 meat rations


   Skills:
 - Level 4.0 Fighting
 * Level 5.7 Axes
 - Level 4.0 Armour
 + Level 6.1 Shields


You had 6 spell levels left.
You didn't know any spells.

Dungeon Overview and Level Annotations

Branches:
Dungeon (7/15)
 Temple: D:4-7

Altars:

Shops:
D:7 ?


Innate Abilities, Weirdness & Mutations

You are under a permanent stasis effect.
You can dig through walls and to a lower floor.
Your four strong arms can wield two-handed weapons with a shield.
You have a pair of large antennae on your head. (SInv)


Message History

Throwing (i - inventory):
u - 111 stones (quivered)
Press: ? - help, Shift-Dir - straight line, f/p - ogre
Aim: an ogre, wielding a giant spiked club (lightly wounded)
You throw a stone.
The stone hits the ogre but does no damage.
The ogre is lightly wounded.
You hit the ogre but do no damage.
The ogre is lightly wounded.
The ogre hits you with a giant spiked club!!
You slash the ogre!
The ogre is heavily wounded.
You block the ogre's attack.
You hit the ogre but do no damage.
The ogre is heavily wounded.
The ogre hits you with a giant spiked club!!
* * * LOW HITPOINT WARNING * * *
You slash the ogre!
The ogre is almost dead.
The ogre hits you with a giant spiked club!
You die...

#.#......#........####........
##.#....##.............#.##.##
###....#..........####...#..#
#....#..........# #...##..
#....#....(.....# #...# ##
######....(.....# #...#
#....(.....# #...#
##...O[...## ##### ##..@...##
########


You could see an ogre.

Vanquished Creatures
  A sky beast (D:7)
  A bullfrog (D:7)
  An orc priest (D:6)
  An iguana (D:6)
  A centaur skeleton (D:4)
  2 orc wizards
  A hound skeleton (D:3)
  4 gnolls
  3 adders
  A shadow imp (D:7)
  An adder skeleton (D:4)
  2 worms (D:4)
  3 dart slugs
  2 leopard geckos
  6 orcs
  3 ball pythons
  9 bats
  4 giant cockroaches
  3 goblins (D:1)
  6 hobgoblins
  8 jackals
  5 kobolds
  A quokka (D:3)
  5 frilled lizards
  A leopard gecko skeleton (D:4)
  4 rats
79 creatures vanquished.

Vanquished Creatures (others)
  A sky beast (D:6)
1 creature vanquished.

Grand Total: 80 creatures vanquished

Notes
Turn   | Place    | Note
-------+----------+-------------------------------------------
     0 | D:1      | Ladykiller69 the Formicid Fighter began the quest for the Orb.
     0 | D:1      | Reached XP level 1. HP: 18/18 MP: 1/1
   123 | D:1      | Reached XP level 2. HP: 20/24 MP: 2/2
   294 | D:1      | Reached skill level 4 in Shields
   294 | D:1      | Reached XP level 3. HP: 30/30 MP: 3/3
   759 | D:2      | Reached XP level 4. HP: 37/37 MP: 4/4
  1416 | D:3      | Reached XP level 5. HP: 40/42 MP: 5/5
  2316 | D:4      | Reached skill level 5 in Shields
  2455 | D:4      | Reached XP level 6. HP: 32/48 MP: 6/6
  2574 | D:4      | You fall through a shaft!
  2574 | D:5      | Entered Level 5 of the Dungeon
  2817 | D:5      | Noticed a yak
  3040 | D:6      | Noticed a water moccasin
  3056 | D:6      | Noticed an orc warrior
  3190 | D:5      | Noticed a yak
  3190 | D:5      | Noticed a yak
  3218 | D:5      | You fall through a shaft!
  3233 | D:6      | Noticed a sky beast
  3251 | D:6      | Killed a sky beast
  3251 | D:6      | Reached skill level 5 in Axes
  3251 | D:6      | Reached XP level 7. HP: 28/54 MP: 7/7
  3258 | D:6      | You fall through a shaft!
  3544 | D:7      | Found Igiel's Magic Scroll Boutique.
  3845 | D:7      | Reached skill level 6 in Shields
  3903 | D:7      | Slain by an ogre

Skill      XL: |  1  2  3  4  5  6  7 |
---------------+----------------------+-----
Shields        | 4 5 6 |  6.1
Fighting       | 4 |  4.0
Axes           | 3 4 5 |  5.7
Armour         | 4 |  4.0

Action                   |  1- 3 |  4- 6 |  7- 9 || total
-------------------------+-------+-------+-------++-------
Melee: War axe           |   101 |   164 |    43 ||   308
Throw: Stone             |       |       |     3 ||     3
 Abil: Dig               |       |     4 |     2 ||     6
       Shaft Self        |       |     2 |     1 ||     3
  Eat: Chunk             |       |     8 |     1 ||     9
       Pizza             |       |       |     2 ||     2
Armor: Scale mail        |    50 |    70 |    17 ||   137
Dodge: Dodged            |    28 |    54 |    14 ||    96
Block: Shield            |    63 |    91 |    22 ||   176
